 Dungeon Crawl Stone Soup version 0.28.0-53-g5a82cb258f (webtiles) character file.

Game seed: 9681070075380692277

255 safid the Digger (level 6, 0/37 HPs)
             Began as a Gargoyle Earth Elementalist on Aug 28, 2022.
             Slain by a gnoll
             ... wielding a +0 whip
              (7 damage)
             ... on level 3 of the Dungeon.
             The game lasted 00:03:19 (2778 turns).

safid the Digger (Gargoyle Earth Elementalist)      Turns: 2778, Time: 00:03:20

Health: 0/37       AC:  9    Str: 11    XL:     6   Next: 15%
Magic:  3/11       EV: 12    Int: 18    God:
Gold:   42         SH:  0    Dex: 10    Spells: 8/12 levels left

rFire   . . .      SeeInvis .   d - +0 flail
rCold   . . .      Faith    .   (no shield)
rNeg    + . .      Spirit   .   b - +0 robe
rPois   ∞          Reflect  .   (no helmet)
rElec   +          Harm     .   (no cloak)
rCorr   +          Rampage  .   p - +1 pair of gloves
Will    .....                   g - +0 pair of boots
Stlth   ++........              (no amulet)
HPRegen 0.12/turn               m - +4 ring of slaying
MPRegen 0.12/turn               q - ring of resist corrosion

@: no status effects
A: sickness immunity, AC +4, negative energy resistance 1, electricity
resistance, torment resistance 1, petrification resistance
a: no special abilities


You were on level 3 of the Dungeon.
You visited 1 branch of the dungeon, and saw 4 of its levels.

You collected 68 gold pieces.
You spent 26 gold pieces at shops.

Inventory:

Hand Weapons
 d - a +0 flail (weapon)
Missiles
 c - 149 stones
 t - 2 javelins
Armour
 b - a +0 robe (worn)
 g - a +0 pair of boots (worn)
 p - a +1 pair of gloves (worn)
Jewellery
 m - a +4 ring of slaying (left hand)
 q - a ring of resist corrosion (right hand)
Scrolls
 a - a scroll of fog {unknown}
 e - 7 scrolls of identify
 h - a scroll of noise {unknown}
 i - 3 scrolls of teleportation {unknown}
 j - 2 scrolls of magic mapping {unknown}
 l - 3 scrolls of vulnerability {unknown}
 n - 2 scrolls of enchant weapon {unknown}
 o - 3 scrolls of blinking {unknown}
 r - a scroll of amnesia {unknown}
Potions
 f - a potion of magic {unknown}
 k - a potion of curing {unknown}
 s - a potion of heal wounds {unknown}


   Skills:
 + Level 3.2 Fighting
 - Level 2.0 Dodging
 - Level 2.1 Stealth
 + Level 3.5 Spellcasting
 - Level 1.0 Transmutations
 + Level 5.4 Earth Magic


You had 8 spell levels left.
You knew the following spells:

 Your Spells              Type           Power      Damage    Failure   Level
a - Sandblast             Erth           44%        2d11      1%          1
b - Stone Arrow           Conj/Erth      24%        3d8       16%         3

Your spell library contained the following spells:

 Spells                   Type           Power      Damage    Failure   Level
 Passwall                 Tmut/Erth      11%        N/A       6%          2
 Petrify                  Tmut/Erth      14%        N/A       38%         4


Dungeon Overview and Level Annotations

Branches:
Dungeon (4/15)
 Temple: D:4-7

Altars:

Shops:
D:1 ?   D:2 *

Annotations:
D:3 3 runed translucent doors, Nyth's ghost, amateur MiBe; angelusfrater's ghost, amateur HOFi; turdburglar's ghost, amateur DsFi


Innate Abilities, Weirdness & Mutations

You are immune to sickness and miasma.
Your stone body is resilient. (AC +4)
You are immune to poison.
You resist negative energy. (rN+)
You are resistant to electric shocks. (rElec)
You are resistant to unholy torment.
You are immune to petrification.


Message History

There is a stone staircase leading up here.
The gnoll hits you with a +0 club. The gnoll closely misses you.
You climb upwards.
Level annotation: 3 runed translucent doors, Nyth's ghost, amateur MiBe; angelusfrater's ghost, amateur HOFi; turdburglar's ghost, amateur DsFi
There is a stone staircase leading down here.
You are too injured to fight recklessly!
You are too injured to fight recklessly!
You are too injured to fight recklessly!
You are too injured to fight recklessly!
You are too injured to fight recklessly!
You are too injured to fight recklessly!
You are too injured to fight recklessly!
You are too injured to fight recklessly!
You are too injured to fight recklessly!
You are too injured to fight recklessly!
You are too injured to fight recklessly!
You are too injured to fight recklessly!
You are too injured to fight recklessly!
Unknown command.
You are too injured to fight recklessly!
You are too injured to fight recklessly!
You closely miss the gnoll.
The gnoll is lightly wounded.
The gnoll hits you but does no damage. The gnoll barely misses you.
The gnoll hits you but does no damage.
You sock the gnoll!
The gnoll is almost dead.
The gnoll barely misses you. The gnoll closely misses you.
The gnoll barely misses you.
You barely miss the gnoll.
The gnoll is almost dead.
The gnoll barely misses you. The gnoll hits you with a +0 whip.
You closely miss the gnoll.
The gnoll is almost dead.
The gnoll hits you with a +0 club.
* * * LOW HITPOINT WARNING * * *
The gnoll closely misses you. The gnoll hits you with a +0 club.
* * * LOW HITPOINT WARNING * * *
The gnoll hits you with a +0 whip!
You die...

......#########............###
..###.....##.......####......# ##
..# #.........÷.#### #......###.
..# #........#### ###.#...... ..#
#.....#### #........ ..# #.....#
##......# ..######### #........
#..# ##########........
##.#############@................
#...##.........gg#########.....##
#...................†>.........##
#......##################.......#
#....### #.......# ..####
#.......# ### ##.....## ##...##
#####


You could see 2 gnolls.

Vanquished Creatures
  An ogre (D:4)
  A scorpion (D:3)
  Ijyb (D:4)
  3 adders
  3 dart slugs
  6 ball pythons
  4 endoplasms
  2 giant cockroaches
  5 hobgoblins
  8 jackals
  A quokka (D:3)
  5 bats
  5 frilled lizards
  5 kobolds
  7 rats
57 creatures vanquished.

Notes
Turn   | Place    | Note
-------+----------+-------------------------------------------
     0 | D:1      | safid the Gargoyle Earth Elementalist began the quest for
                  | the Orb.
     0 | D:1      | Reached XP level 1. HP: 10/10 MP: 3/3
   209 | D:1      | Reached skill level 1 in Transmutations
   209 | D:1      | Reached XP level 2. HP: 14/16 MP: 5/5
   593 | D:1      | Reached skill level 1 in Fighting
   816 | D:1      | Found Gokkeliu's Magic Scroll Boutique.
   824 | D:1      | Bought a scroll of identify for 26 gold pieces
   836 | D:1      | Found a faded altar of an unknown god.
  1073 | D:1      | Reached skill level 4 in Earth Magic
  1385 | D:2      | Reached XP level 3. HP: 19/20 MP: 6/6
  1533 | D:2      | Found Bug Asir's Assorted Antiques.
  2030 | D:3      | Reached XP level 4. HP: 20/26 MP: 7/7
  2038 | D:3      | Learned a level 3 spell: Stone Arrow
  2130 | D:3      | Noticed a scorpion
  2137 | D:3      | Killed a scorpion
  2138 | D:3      | Reached XP level 5. HP: 24/30 MP: 2/9
  2364 | D:3      | Found a runed translucent gate.
  2364 | D:3      | Found a runed translucent gate.
  2364 | D:3      | Found a runed translucent gate.
  2369 | D:3      | Noticed angelusfrater's ghost (amateur HOFi)
  2369 | D:3      | Noticed turdburglar's ghost (amateur DsFi)
  2369 | D:3      | Noticed Nyth's ghost (amateur MiBe)
  2663 | D:4      | Noticed an ogre
  2668 | D:4      | Killed an ogre
  2669 | D:4      | Reached skill level 5 in Earth Magic
  2755 | D:4      | Noticed Ijyb
  2761 | D:4      | Reached XP level 6. HP: 29/37 MP: 7/11
  2770 | D:4      | Killed Ijyb
  2778 | D:3      | Slain by a gnoll

Illustrated notes

Levels and vault maps discovered:
D:1:      dpeg_arrival_circle_labyrinth_c, layout_basic,
          shapermc_ecumenical_altar_notcrosses, serial_shops, shop,
          minmay_octomino_c4
D:2:      layout_basic, serial_shops, nicolae_square_shop
D:3:      layout_rooms, gammafunk_ghost_cemetery
D:4:      layout_rooms, uniq_grinder, uniq_ijyb

Skill      XL: |  1  2  3  4  5 |
---------------+----------------+-----
Transmutations | 1 |  1.0
Fighting       | 1 2 3 |  3.2
Earth Magic    | 4 5 |  5.4
Dodging        | 2 |  2.0
Spellcasting   | 3 |  3.5
Stealth        | |  2.1

Action                   |  1- 3 |  4- 6 || total
-------------------------+-------+-------++-------
Melee: Flail             |   124 |    34 ||   158
 Cast: Sandblast         |     2 |    20 ||    22
 Stab: Sleeping          |     3 |     1 ||     4
Armor: Robe              |    71 |    24 ||    95
Dodge: Dodged            |   117 |    37 ||   154
